 Dungeon Crawl Stone Soup version 0.31-a0-133-gaae73658be (webtiles) character file.

Game seed: 11715294336430455127

4 Danienth the Magician (level 1, 0/13 HPs)
             Began as a Demonspawn Hedge Wizard on June 3, 2023.
             Slain by a hobgoblin (4 damage)
             ... on level 1 of the Dungeon.
             The game lasted 00:04:59 (543 turns).

Danienth the Magician (Demonspawn Hedge Wizard)      Turns: 543, Time: 00:05:00

Health: 0/13       AC:  2    Str: 10    XL:     1   Next: 58%
Magic:  4/4        EV: 12    Int: 15    God:
Gold:   22         SH:  0    Dex: 12    Spells: 5/6 levels left

rFire   . . .        g - +0 orcbow
rCold   . . .        (shield currently unavailable)
rNeg    . . .        b - +0 robe
rPois   .            c - +0 hat
rElec   .            (no cloak)
rCorr   .            (no gloves)
SInv    .            (no boots)
Will    .....        (no amulet)
Stlth   ++           (no ring)
HPRegen 0.22/turn    (no ring)
MPRegen 0.09/turn

%: no passive effects
@: no status effects
A: no striking features
a: no special abilities


You were on level 1 of the Dungeon.
You visited 1 branch of the dungeon, and saw 1 of its levels.

You collected 22 gold pieces.

Inventory:

Hand Weapons
 a - a +0 dagger
 f - a +2 whip of freezing
 g - a +0 orcbow (weapon)
Armour
 b - a +0 robe (worn)
 c - a +0 hat (worn)
 e - a +0 tower shield
Scrolls
 h - a scroll of teleportation {unknown}
Potions
 d - a potion of magic


   Skills:
 * Level 0.2 Fighting
 * Level 1.7 Dodging
 * Level 1.7 Stealth
 * Level 3.2 Spellcasting
 + Level 1.0 Conjurations
 + Level 1.0 Summonings
 + Level 0.8 Translocations


You had 5 spell levels left.
You knew the following spells:

 Your Spells              Type           Power      Damage    Failure   Level
a - Magic Dart            Conj           20%        1d4       13%         1

Your spell library contained the following spells:

 Spells                   Type           Power      Damage    Failure   Level
 Slow                     Hex            8%         N/A       21%         1
 Blink                    Tloc           10%        N/A       21%         2
 Call Imp                 Summ           10%        N/A       21%         2
 Cigotuvi's Dreadful Rot  Necr/Pois/Air  4%         N/A       30%         2
 Mephitic Cloud           Conj/Pois/Air  3%         N/A       45%         3


Dungeon Overview and Level Annotations

Branches:
Dungeon (1/15)

Altars:


Message History

The frilled lizard hisses angrily.
There is a stone staircase leading down here.
You closely miss the frilled lizard. The frilled lizard closely misses you.
Casting: Magic Dart (safe; 13% risk of failure)
Confirm with . or Enter, or press ? or * to list all spells.
Aiming: Magic Dart (safe; 13% risk of failure)
Press: ? - help, Shift-Dir - straight line, f - frilled lizard
Aim: a frilled lizard (100% to hit)
The magic dart hits the frilled lizard.
The frilled lizard is heavily wounded.
The frilled lizard closely misses you.
Casting: Magic Dart (safe; 13% risk of failure)
Confirm with . or Enter, or press ? or * to list all spells.
Aiming: Magic Dart (safe; 13% risk of failure)
Press: ? - help, Shift-Dir - straight line, f/p - frilled lizard
Aim: a frilled lizard (heavily wounded, 100% to hit)
The magic dart hits the frilled lizard.
You kill the frilled lizard!
You start resting.
Magic restored.
Your +2 whip of freezing stops glowing.
g - a +0 orcbow (weapon)
You'd need three hands to do that!
You see here a frilled lizard corpse.
A hobgoblin comes into view.
Found 8 stones.
The hobgoblin shouts!
Found a sedimented ruby potion.
The hobgoblin hits you.
You see here 8 stones.
You shoot an arrow. The arrow hits the hobgoblin.
The hobgoblin is heavily wounded.
The hobgoblin hits you. The hobgoblin barely misses you.
You shoot an arrow.
The arrow hits the hobgoblin but does no damage.
The hobgoblin is heavily wounded.
The hobgoblin barely misses you.
You shoot an arrow. The arrow barely misses the hobgoblin.
The hobgoblin hits you. x2
You die...

.# !# .# .#
##.# ###..##
#..g..#####.
#.#@PPP....
#....P♣..##
#..♣♣♣.P.#
#..P♣♣..#
#.......#
#..P....#
#..♣♣..#.#
#...♣♣P.#.#
#...♣P...†#


You could see a hobgoblin.

Vanquished Creatures
  A hobgoblin (D:1)
  A kobold (D:1)
  A ball python (D:1)
  A frilled lizard (D:1)
  A rat (D:1)
5 creatures vanquished.

Notes
Turn   | Place    | Note
-------+----------+-------------------------------------------
     0 | D:1      | Danienth the Demonspawn Hedge Wizard began the quest for
                  | the Orb.
     0 | D:1      | Reached XP level 1. HP: 13/13 MP: 4/4
   543 | D:1      | Slain by a hobgoblin

Illustrated notes

Levels and vault maps discovered:
D:1:      onia_arrival_mini_spirals, layout_loops_ring, serial_forest,
          infiniplex_forest_clump_large, infiniplex_forest_lined_ring,
          infiniplex_forest_lined_room_, infiniplex_forest_clump_double,
          infiniplex_forest_corner_2, infiniplex_forest_end_1,
          infiniplex_forest_lined_3

Action                     || total
---------------------------++-------
  Melee: Dagger            ||    26
         Whip              ||     1
   Fire: Orcbow            ||     3
   Cast: Magic Dart        ||     3
 Armour: Robe              ||     8
  Dodge: Dodged            ||    15
  Block: Tower shield      ||    14

Table legend: (Time is in decaauts)
 A = Elapsed time spent in this place.
 B = Non-inter-level travel time spent in this place.
 C = Inter-level travel time spent in this place.
 D = Time resting spent in this place.
 E = Time spent auto-exploring this place.
 F = Levels seen in this place.
 G = Mean time per level.
                   A        B        C        D        E       F      G
               +--------+--------+--------+--------+--------+-----+--------+
         Total |    558 |    546 |     12 |    162 |    291 |   1 |  558.0 |
       Dungeon |    558 |    546 |     12 |    162 |    291 |   1 |  558.0 |
               +--------+--------+--------+--------+--------+-----+--------+

Top non-repeatable levels by time:
     D:1: 558 daAuts
